Map: Tokamak LE

Players

Parity

  • Race: Terran Terran
  • League: Diamond
  • Spawn Location: 7:00

ManlyManMeat - Winner!

  • Race: Zerg Zerg
  • League: Diamond
  • Spawn Location: 1:00

VOD

Have the link to the VOD?

Description

Time

  • Played on: July 10, 2025, 12:19 p.m.
  • Length: 25:41
Show
View Real Time Build Order
Export as new Build Order

Parity Terran 

Build Orders: Reaper Expand 

Get SALT Encoding   

  12  0:00  SCV  
  13  0:12  SCV  
  14  0:17  Supply Depot  
  14  0:24  SCV  
  15  0:38  SCV  
  15  0:39  Barracks  
  16  0:43  Refinery  
  16  0:51  SCV  
  17  1:03  SCV  
  18  1:15  SCV  
  19  1:27  Orbital Command  
  19  1:28  Reaper  
  20  1:44  Command Center  
  20  1:53  SCV  
  21  1:56  Supply Depot  
  21  2:00  Marine  
  22  2:05  SCV  
  23  2:15  Bunker  
  23  2:18  SCV  
  23  2:19  Factory  
  24  2:28  Barracks Reactor  
  24  2:30  SCV  
  25  2:42  SCV  
  26  2:59  SCV  
  26  3:05  Orbital Command  
  27  3:09  Supply Depot  
  27  3:14  Command Center  
  27  3:18  Barracks Tech Lab, SCV  
  28  3:29  Hellion x2  
  28  3:30  SCV  
  28  3:33  Starport  
  33  3:40  SCV  
  33  3:42  SCV  
  34  3:49  Barracks Tech Lab  
  34  3:52  SCV  
  34  3:54  Hellion x2  
  34  3:55  SCV  
  40  4:04  SCV  
  40  4:07  SCV  
  42  4:15  Marine  
  42  4:16  SCV  
  44  4:17  Liberator  
  44  4:19  SCV  
  44  4:22  Hellion x2  
  52  4:26  Engineering Bay  
  52  4:28  Engineering Bay, SCV  
  52  4:30  Orbital Command  
  52  4:31  SCV  
  54  4:40  Supply Depot, SCV  
  54  4:42  Marine  
  54  4:43  SCV  
  57  4:46  Stimpack  
  57  4:53  SCV  
  57  4:55  SCV  
  59  5:05  SCV  
  60  5:07  Factory Tech Lab, SCV  
  60  5:09  Factory Reactor  
  60  5:10  Orbital Command  
  61  5:17  SCV  
  61  5:18  Barracks x2  
  61  5:19  SCV  
  61  5:20  Barracks x2  
  63  5:22  Refinery  
  63  5:23  Refinery  
  63  5:24  Supply Depot  
  63  5:26  Supply Depot  
  63  5:28  Refinery  
  63  5:29  SCV  
  63  5:31  SCV  
  65  5:41  SCV  
  64  5:43  SCV  
  65  5:53  SCV  
  65  5:54  Marine  
  65  5:56  SCV  
  68  5:57  Factory Reactor  
  68  6:05  SCV x2  
  68  6:07  Starport Reactor  
  68  6:08  SCV  
  71  6:12  Barracks Reactor x2  
  71  6:17  SCV x2  
  69  6:20  Marine x3, SCV  
  73  6:29  SCV x2  
  73  6:32  SCV  
  76  6:37  Sensor Tower  
  76  6:38  Marine  
  77  6:40  Marine x2  
  77  6:41  SCV x2  
  77  6:44  SCV  
  82  6:49  Combat Shield  
  82  6:50  Marine x6  
  82  6:52  Medivac x2  
  82  6:53  SCV  
  93  6:57  Refinery  
  93  6:58  Refinery, Supply Depot  
  93  7:02  Marine x3, SCV x2  
  93  7:04  Supply Depot x2  
  93  7:05  Supply Depot, Terran Infantry Armor Level 1, Terran Infantry Weapons Level 1, SCV  
  99  7:09  Marine x2  
  101  7:19  Marine x5  
  101  7:20  SCV x3  
  109  7:23  Siege Tank  
  109  7:24  Supply Depot  
  109  7:25  Supply Depot  
  112  7:32  Marine x4, SCV x3  
  112  7:33  Medivac  
  121  7:37  Marine x2  
  121  7:42  Marine  
  121  7:43  Marine x2, Medivac  
  121  7:44  SCV x3  
  131  7:49  Marine  
  131  7:50  Marine x2  
  134  7:55  Siege Tank  
  134  7:56  SCV x2  
  137  8:08  Barracks x2  
  133  8:14  Marine x7  
  139  8:25  Marine x2  
  139  8:26  Medivac x2  
  145  8:27  Siege Tank  
  145  8:31  Bunker  
  145  8:32  Marine x5  
  144  8:45  SCV x3  
  144  8:46  Marine x4  
  115  8:49  Marine  
  115  8:50  Marine x4  
  111  8:57  SCV  
  111  8:58  SCV x2  
  109  9:04  Marine x2  
  109  9:09  SCV  
  112  9:10  SCV x2  
  114  9:21  SCV  
  114  9:22  SCV x2  
  117  9:24  Supply Depot  
  117  9:26  Supply Depot  
  117  9:30  Supply Depot  
  117  9:34  SCV x3  
  120  9:46  SCV x3  
  121  9:54  Marine x7  
  121  9:55  Siege Tank  
  121  9:58  SCV x3  
  134  10:04  Marine x2  
  136  10:10  SCV x2  
  134  10:20  SCV  
  134  10:21  Orbital Command  
  113  10:22  SCV  
  113  10:27  Siege Tank  
  107  10:32  SCV  
  107  10:34  SCV  
  104  10:36  Medivac x2  
  104  10:44  SCV  
  104  10:46  SCV x2  
  107  10:56  SCV  
  108  10:58  SCV x2  
  108  10:59  Siege Tank  
  113  11:08  SCV  
  113  11:10  SCV x2  
  116  11:15  Marine  
  117  11:20  SCV  
  117  11:22  SCV x2  
  117  11:31  Siege Tank  
  102  11:33  SCV  
  102  11:34  Marine x5  
  102  11:38  SCV x2  
  104  11:45  SCV  
  94  11:49  Marine  
  94  11:50  SCV  
  94  12:03  Siege Tank  
  94  12:07  SCV  
  73  12:37  Marine  
  73  12:38  SCV x2  
  76  12:59  SCV x2  
  76  13:00  SCV  
  79  13:08  Marine x2  
  79  13:11  SCV x2  
  79  13:12  SCV  
  84  13:23  SCV  
  84  13:24  SCV x2  
  84  13:27  Bunker  
  87  13:28  Marine x4, Barracks Reactor  
  80  14:11  Marine x4  
  80  14:12  Marine x5, Siege Tank, Medivac  
  80  14:13  SCV x3, Medivac  
  99  14:21  Refinery  
  99  14:29  Marine x2  
  82  14:34  Marine x6  
  73  14:42  SCV  
  74  15:03  SCV x3  
  77  15:15  SCV x2  
  79  15:27  Marine  
  79  15:28  Siege Tank  
  83  15:29  Marine x2  
  71  15:58  Marine x8  
  72  16:07  Siege Tank  
  75  16:18  SCV x2  
  77  16:40  Siege Tank  
  77  16:42  SCV x3  
  83  16:48  Refinery  
  83  16:54  SCV x3  
  81  16:58  Marine x8  
  86  17:06  SCV x3  
  89  17:18  SCV x3  
  92  17:30  SCV x2  
  92  17:32  Marine x7  
  92  17:36  SCV  
  102  17:37  Armory  
  102  17:42  SCV x2  
  104  17:48  SCV  
  105  17:54  SCV  
  106  18:10  Liberator x2  
  106  18:11  Marine x2  
  114  18:14  Barracks Reactor x2  
  107  18:52  Liberator  
  107  18:54  Marine x2  
  93  19:19  Marine x2  
  94  19:26  Marine  
  94  19:27  Marine x7  
  94  19:28  Siege Tank  
  102  19:37  Marine x2  
  104  19:43  SCV x3  
  104  19:44  Marine x2  
  104  19:45  Marine x2  
  110  19:55  SCV  
  109  20:07  Marine x10  
  109  20:08  Siege Tank  
  122  20:28  Marine  
  122  20:29  Marine x9  
  122  20:31  SCV  
  122  20:32  Supply Depot  
  122  20:34  Supply Depot  
  133  20:36  Refinery  
  133  20:38  Refinery  
  133  20:48  SCV  
  133  20:54  Marine x4, SCV x2  
  136  20:57  Marine x6  
  136  21:00  SCV  
  141  21:06  SCV  
  142  21:11  Marine x2  
  144  21:23  Liberator  
  144  21:24  Marine x2  
  149  21:50  Marine x2  
  149  22:01  Marine  
  149  22:24  Marine  
  132  22:33  Marine  
  132  22:34  Marine x7  
  80  22:47  Marine x2  
  80  22:51  Marine  
  73  23:19  Orbital Command  
  71  23:29  Siege Tank, Medivac x2  
  71  24:04  SCV x3  
  71  24:05  Barracks Tech Lab  
  74  24:11  Orbital Command  
  74  24:16  SCV x3  
  69  24:28  SCV  
  28  24:39  SCV  
  28  24:40  SCV  
  30  24:50  Marine x4  
  30  24:51  SCV  
  33  24:52  SCV  
  29  25:03  SCV  
  29  25:05  SCV  
  28  25:15  SCV  
  28  25:17  SCV  
Show
View Real Time Build Order
Export as new Build Order

ManlyManMeat Zerg - Winner!

Build Orders: Hatch First 

Get SALT Encoding   

  12  0:00  Drone  
  13  0:08  Drone  
  13  0:13  Extractor  
  13  0:14  Drone  
  15  0:21  Overlord  
  15  0:40  Drone  
  16  0:47  Hatchery  
  15  0:50  Drone  
  15  0:54  Drone  
  17  0:57  Drone  
  18  1:07  Extractor  
  17  1:13  Spawning Pool  
  17  1:17  Drone  
  17  1:19  Drone  
  18  1:26  Drone  
  19  1:39  Drone  
  20  1:59  Queen x2  
  20  2:00  Zergling x2  
  20  2:01  Zergling x2  
  26  2:03  Overlord  
  26  2:09  Metabolic Boost  
  26  2:12  Drone  
  26  2:15  Drone  
  28  2:23  Drone x2  
  30  2:36  Drone x2  
  32  2:54  Hatchery  
  31  3:02  Overlord  
  30  3:12  Overlord x2  
  30  3:13  Overlord  
  30  3:22  Drone x2  
  30  3:23  Drone x3  
  30  3:24  Overlord x2  
  35  3:39  Drone x2  
  37  3:55  Drone x4  
  40  3:56  Drone x2  
  40  4:01  Queen x2  
  47  4:06  Queen  
  49  4:15  Zergling x8  
  52  4:46  Overlord  
  52  4:47  Overlord x2  
  52  4:52  Baneling Nest  
  52  4:54  Extractor  
  49  5:00  Hatchery  
  49  5:06  Drone x2  
  49  5:07  Drone x5  
  52  5:08  Drone x2  
  52  5:09  Drone  
  52  5:11  Queen  
  60  5:26  Drone x2, Evolution Chamber  
  60  5:27  Drone x2  
  60  5:28  Hatchery, Spore Crawler  
  62  5:29  Queen x2  
  62  5:30  Spore Crawler  
  62  5:31  Hatchery  
  62  5:32  Spore Crawler  
  61  5:44  Zergling x4  
  61  5:45  Zergling x6  
  62  5:58  Zergling x14  
  68  6:22  Zergling x26  
  81  6:26  Zerg Melee Weapons Level 1  
  81  6:27  Lair  
  81  6:28  Drone  
  81  6:33  Extractor  
  80  7:06  Baneling x8  
  76  7:17  Drone x5  
  81  7:25  Centrifugal Hooks  
  81  7:29  Drone x3  
  84  7:30  Zergling x30  
  84  7:31  Zergling x8  
  103  7:40  Drone x2  
  103  7:41  Drone x3  
  103  7:42  Drone x2  
  103  7:43  Queen  
  112  7:46  Drone x7  
  113  7:59  Drone x6  
  113  8:00  Evolution Chamber  
  117  8:07  Baneling x6  
  117  8:08  Drone x4  
  121  8:29  Zergling x6, Overlord x3  
  121  8:30  Overlord  
  105  8:44  Zergling x8  
  105  8:45  Zergling x18  
  104  8:49  Zerg Melee Weapons Level 2, Zerg Ground Armor Level 1  
  101  9:02  Zergling x2  
  102  9:03  Zergling x40  
  119  9:12  Zergling x2  
  119  9:13  Zergling x10  
  119  9:16  Baneling x5  
  125  9:23  Baneling x2  
  117  9:54  Baneling x7  
  103  10:21  Zergling x2  
  103  10:22  Zergling x48  
  116  10:28  Overlord x2  
  116  10:29  Overlord x3  
  110  10:40  Zergling x26  
  118  10:47  Baneling  
  118  10:50  Zergling x2  
  118  10:51  Zergling x14  
  118  10:52  Baneling x11  
  126  11:11  Hatchery  
  125  11:21  Hatchery  
  118  11:26  Zergling x18  
  118  11:27  Zergling x12  
  105  11:35  Zergling x36  
  111  11:42  Baneling x3  
  111  11:43  Zergling x12, Baneling x6  
  111  11:45  Queen x2  
  117  11:57  Baneling x2  
  88  12:45  Zergling x40  
  88  12:46  Zergling x12  
  99  12:59  Zergling x2  
  99  13:00  Zergling x24  
  112  13:13  Zerg Ground Armor Level 2  
  112  13:14  Infestation Pit  
  111  13:21  Extractor x2  
  111  13:25  Drone x2  
  111  13:26  Drone x5  
  116  13:27  Zergling x16  
  116  13:29  Baneling x4  
  116  13:30  Baneling x3  
  113  14:03  Hatchery  
  103  14:16  Hatchery  
  78  14:37  Infestor  
  78  14:38  Zergling x2, Infestor x2  
  79  14:39  Zergling x24  
  92  14:47  Zergling x4  
  92  14:52  Baneling x4  
  93  15:24  Spine Crawler, Spore Crawler  
  93  15:25  Drone x3  
  84  16:02  Zergling x2  
  84  16:03  Zergling x8  
  89  16:05  Hatchery  
  88  16:15  Zergling x4  
  88  16:16  Zergling x8  
  93  16:40  Zergling x2  
  93  17:21  Hatchery  
  92  17:28  Zergling x10, Infestor  
  92  17:29  Zergling x10, Infestor x3  
  110  17:45  Drone  
  110  17:46  Drone x4  
  110  17:48  Drone  
  110  17:49  Drone x2  
  110  17:50  Extractor x2  
  116  17:52  Drone  
  116  17:53  Drone  
  115  18:52  Zergling x2  
  115  18:53  Zergling x48  
  139  19:00  Zergling x4  
  103  19:46  Spore Crawler  
  103  19:48  Spore Crawler  
  101  20:43  Hatchery  
  101  20:44  Hatchery  
  101  20:45  Hatchery  
  101  20:47  Spire  
  96  21:03  Hive  
  94  21:21  Zergling x8  
  94  21:22  Zergling x4  
  94  21:24  Zergling x30  
  115  21:26  Zergling x30  
  115  21:27  Zergling x8  
  135  21:38  Zergling x12  
  135  21:39  Zergling x20  
  152  22:01  Corruptor x10  
  172  22:08  Drone x2  
  172  22:09  Drone x2  
  106  22:48  Zergling x22  
  106  22:49  Zergling x8  
  119  23:06  Zergling x2  
  119  23:07  Zergling x8  
  103  23:20  Zergling x10  
  108  23:32  Zergling x24  
  118  23:43  Drone x5  
  115  23:57  Zergling x10  
  115  23:58  Zergling x6  
  115  23:59  Baneling  
  115  24:00  Baneling x10  
  122  24:13  Drone x4  
  107  24:38  Zergling x32  
  109  24:53  Zergling x10  
  109  24:59  Zergling x10  
  122  25:00  Zergling x16  
Tags
 
Add a new tag
Caveats
  • Supply blocks, unpowered buildings, or Contaminate may cause inaccurate times.
  • Supply counts are checked every 10 seconds.